 Dungeon Crawl Stone Soup version 0.30-a0-141-g30f27751c5 (webtiles) character file.

Game seed: 7197094139094671257

8124 qw the Cleaver (level 11, -5/69 HPs)
             Began as a Gargoyle Fighter on Sept 25, 2022.
             Was an Elder of Okawaru.
             Slain by a death yak (17 damage)
             ... on level 1 of the Lair of Beasts.
             The game lasted 00:03:33 (10035 turns).

qw the Cleaver (Gargoyle Fighter)                  Turns: 10035, Time: 00:03:33

Health: -5/69      AC: 37    Str: 29    XL:     11   Next: 26%
Magic:  14/16      EV: 10    Int:  8    God:    Okawaru [****..]
Gold:   575        SH:  6    Dex: 13    Spells: 10/10 levels left

rFire   . . .      SeeInvis .    Y - +1 war axe (protect)
rCold   . . .      Faith    .    c - +0 buckler
rNeg    + . .      Spirit   .    r - +0 plate armour
rPois   inf        Reflect  .    (helmet restricted)
rElec   +          Harm     .    n - +0 cloak
rCorr   .          Rampage  .    k - +0 pair of gloves
Will    .....                    (no boots)
Stlth   ..........               (no amulet)
HPRegen 0.21/turn                o - +4 ring of protection
MPRegen 0.15/turn                j - +6 ring of strength

@: about to teleport, heroic, under a protective aura
A: sickness immunity, AC +8, negative energy resistance 1, electricity
resistance, torment resistance 1, petrification resistance, antennae 1, hooves
1, agile 1
a: Renounce Religion, Heroism, Finesse


You were on level 1 of the Lair of Beasts.
You worshipped Okawaru.
Okawaru was greatly pleased with you.
You visited 3 branches of the dungeon, and saw 11 of its levels.

You collected 575 gold pieces.


Innate Abilities, Weirdness & Mutations

You are immune to sickness and miasma.
Your stone body is resilient. (AC +8)
You are immune to poison.
You resist negative energy. (rN+)
You are resistant to electric shocks. (rElec)
You are resistant to unholy torment.
You are immune to petrification.
You have a pair of small antennae on your head.
You have large cloven feet.
You are agile. (Dex +4, Str/Int -1)


   Skills:
 + Level 8.7(13.7) Fighting
 - Level 11.0(16.0) Axes
 - Level 1.1(6.1) Throwing
 - Level 7.1(12.1) Armour
 - Level 2.1(7.1) Dodging
 - Level 5.8(10.8) Shields
 + Level 6.7 Invocations


You had 10 spell levels left.
You didn't know any spells.
Your spell library was empty.

Inventory:

Hand Weapons
 l - a +0 morningstar
 Y - a +1 war axe of protection (weapon)
Missiles
 a - 4 boomerangs (quivered)
Armour
 c - a +0 buckler (worn)
 k - a +0 pair of gloves (worn)
 n - a +0 cloak (worn)
 r - a +0 plate armour (worn)
Jewellery
 f - a ring of ice
 j - a +6 ring of strength (right hand)
 m - a ring of protection from cold
 o - a +4 ring of protection (left hand)
Scrolls
 i - 3 scrolls of identify
 p - 4 scrolls of teleportation
Potions
 b - a potion of attraction
 d - a potion of might
 e - 5 potions of curing
 g - 2 potions of haste
 h - 2 potions of heal wounds
 q - a potion of mutation
 t - a potion of cancellation
 u - a potion of lignification

Dungeon Overview and Level Annotations

Branches:
Dungeon (9/15)             Temple (1/1) D:6            Lair (1/5) D:9
    Orc: D:9-12

Altars:
Ashenzari
Cheibriados
Dithmenos
Elyvilon
Fedhas
Gozag
Hepliaklqana
Kikubaaqudgha
Makhleb
Nemelex Xobeh
Okawaru
Qazlal
Ru
Sif Muna
Trog
Uskayaw
Vehumet
Wu Jian
Xom
Yredelemnul
Zin
The Shining One


Message History

The death yak is almost dead.
You slash the death yak! You hit the death yak.
A nearby plant withers and dies.
The death yak misses you. You block the death yak's attack.
The death yak barely misses you.
You slash the death yak!
You kill the death yak!
Okawaru accepts your kill.
You hit the death yak. You slash the death yak!
The death yak gores you but does no damage.
You slash the death yak!
The death yak is severely wounded.
You hit the death yak. x2
You block the death yak's attack. The death yak gores you!
You barely miss the death yak. You kick the death yak.
The death yak is severely wounded.
You slash the death yak! You hit the death yak but do no damage.
You hit the death yak. The death yak gores you.
You block the death yak's attack.
The death yak gores you but does no damage.
The death yak gores you.
You slash the death yak! Your kick misses the death yak.
The death yak is severely wounded.
You slash the death yak!
You hit the death yak but do no damage. x2
You slash the death yak! Your kick misses the death yak.
The death yak is almost dead.
You hit the death yak. You slash the death yak! x2
The death yak gores you but does no damage. x4
You barely miss the death yak.
The death yak is almost dead.
You slash the death yak! You hit the death yak but do no damage.
You barely miss the death yak.
The death yak gores you but does no damage.
The death yak barely misses you. The death yak gores you! x2
10035 ||| READING 5 scrolls of teleportation.
As you read the scroll of teleportation, it crumbles to dust.
You feel strangely unstable. You block the death yak's attack.
The death yak gores you but does no damage.
The death yak barely misses you. The death yak gores you!
You die...

. .#.## ...... .P#.
...# ..>##..##
.....YYY## ##@Y#
##.#Y# . #.###.###.#P.
## #....## #.. ...
#.#.#.## .#P# #.#.
########.#.# ##
.....###.##.##.#.##P##
##...................
#P......P#####..#####


You could see 5 death yaks.

Vanquished Creatures
  A death yak (Lair:1)
  A wizard (D:9)
  2 cane toads (Lair:1)
  A hornet (D:9)
  5 large abominations (D:9)
  2 wyverns
  9 yaks
  Eustachio (D:5)
  Duvessa (D:7)
  A water moccasin (Lair:1)
  A sky beast (D:8)
  An orc warrior (D:9)
  3 ice beasts
  7 small abominations (D:9)
  A black bear (D:9)
  A phantom (D:6)
  An ogre (D:3)
  A kobold brigand (D:6)
  5 bullfrogs
  2 scorpions
  A gnoll sergeant (D:8)
  3 wights (D:7)
  Dowan (D:7)
  11 killer bees (D:9)
  5 howler monkeys
  5 hounds
  2 orc priests
  3 jellies
  3 iguanas (D:5)
  4 orc wizards (D:5)
  Natasha (thrice) (D:3)
  10 adders
  11 gnolls
  2 shadow imps
  A white imp (D:5)
  2 ufetubi
  2 worms (D:2)
  2 dart slugs
  17 orcs
  8 endoplasms
  2 giant cockroaches (D:2)
  5 goblins
  2 hobgoblins
  3 jackals (D:2)
  14 kobolds
  4 quokkas
  7 ball pythons
  6 bats
  5 frilled lizards
  6 rats
197 creatures vanquished.

Vanquished Creatures (others)
  2 fungi (Lair:1)
  11 plants
13 creatures vanquished.

Grand Total: 210 creatures vanquished

Notes
Turn   | Place    | Note
-------+----------+-------------------------------------------
     0 | D:1      | qw the Gargoyle Fighter began the quest for the Orb.
     0 | D:1      | Reached XP level 1. HP: 14/14 MP: 1/1
     0 | D:1      | 0 ||| qw: Version: 0.2-a-10-g399e6c4
     0 | D:1      | 0 ||| qw: Game counter: 296
     0 | D:1      | 0 ||| qw: Always use a shield: true
     0 | D:1      | 0 ||| qw: God list: Okawaru
     0 | D:1      | 0 ||| qw: Allow faded altars: false
     0 | D:1      | 0 ||| qw: Do Orc after D:15 true
     0 | D:1      | 0 ||| qw: Do second Lair branch before Depths: true
     0 | D:1      | 0 ||| qw: Lair rune preference: random
     0 | D:1      | 0 ||| qw: Plans: Normal, Zot:1-4, God:TSO, Crypt, Tomb,
                  | Pan, Slime:5, Hells, Abyss, Orb
     0 | D:1      | 0 ||| PLANNING D:1-11
    39 | D:1      | 39 ||| Stepping ~*~*~tactically~*~*~ (stealth).
    53 | D:1      | Reached skill level 2 in Axes
   226 | D:1      | Reached XP level 2. HP: 19/19 MP: 2/2
   484 | D:1      | 484 ||| DROPPING +0 club.
   577 | D:1      | Found a faded altar of an unknown god.
   846 | D:1      | 846 ||| READING scroll labelled PACLUNYMUGG.
   847 | D:1      | 847 ||| READING scroll labelled ASEARA KIFIJ.
   848 | D:1      | 848 ||| READING scroll labelled KIC PONAFRU.
   849 | D:1      | 849 ||| READING scroll labelled CIVESACSAU.
   852 | D:1      | 852 ||| READING 3 scrolls labelled LAMUSOT JUEMIS.
   853 | D:1      | 853 ||| DROPPING 2 scrolls of magic mapping.
   877 | D:2      | You fall into a shaft and drop 2 floors!
   930 | D:4      | 930 ||| PLANNING SEWER
   976 | D:4      | Reached skill level 3 in Axes
   983 | D:4      | HP: 3/19 [acid (5)]
   985 | D:4      | Reached XP level 3. HP: 4/23 MP: 3/3
  1317 | D:4      | Reached XP level 4. HP: 13/28 MP: 4/4
  1319 | D:4      | Reached skill level 4 in Axes
  1478 | D:4      | 1478 ||| DROPPING +0 flail.
  1533 | D:4      | 1533 ||| RIP SEWER
  1541 | D:4      | 1541 ||| PLANNING D:1-11
  1565 | D:4      | 1565 ||| UPGRADING to +0 pair of gloves.
  1570 | D:4      | 1570 ||| UPGRADING to amulet of guardian spirit.
  1575 | D:4      | 1575 ||| UPGRADING to +4 ring of protection.
  1576 | D:4      | 1576 ||| READING scroll labelled QIDAABLUCS.
  1577 | D:4      | 1577 ||| READING scroll labelled QOURURR NETIZO.
  1588 | D:3      | 1588 ||| Stepping ~*~*~tactically~*~*~ (hiding).
  1628 | D:3      | Noticed an ogre
  1629 | D:3      | 1629 ||| FLEEEEING.
  1630 | D:3      | 1630 ||| FLEEEEING.
  1631 | D:3      | 1631 ||| FLEEEEING.
  1635 | D:3      | 1635 ||| FLEEEEING.
  1636 | D:3      | 1636 ||| STAIRDANCE
  1797 | D:2      | 1797 ||| Stepping ~*~*~tactically~*~*~ (stealth).
  1800 | D:2      | 1800 ||| Stepping ~*~*~tactically~*~*~ (stealth).
  1842 | D:2      | Identified the +5 sling of the Changing Gods {speed, rElec
                  | rF- Will+ Int+6}
  1849 | D:2      | Reached XP level 5. HP: 28/32 MP: 5/5
  2337 | D:2      | 2337 ||| DROPPING amulet of faith.
  2338 | D:2      | 2338 ||| UPGRADING to ring of protection from cold.
  2339 | D:2      | 2339 ||| DRINKING 2 glowing clear potions.
  2340 | D:2      | 2340 ||| DROPPING potion of degeneration.
  2409 | D:3      | Killed an ogre
  2410 | D:3      | Reached skill level 5 in Axes
  2410 | D:3      | Reached XP level 6. HP: 29/37 MP: 4/6
  2526 | D:3      | Noticed Natasha
  2540 | D:3      | Killed Natasha
  2541 | D:3      | 2541 ||| FLEEEEING.
  2633 | D:3      | 2633 ||| Stepping ~*~*~tactically~*~*~ (hiding).
  2636 | D:3      | 2636 ||| Stepping ~*~*~tactically~*~*~ (hiding).
  2840 | D:3      | Noticed Natasha
  2850 | D:3      | Killed Natasha
  2969 | D:3      | Found a bloodstained altar of Trog.
  3109 | D:3      | Found a radiant altar of Vehumet.
  3116 | D:3      | 3116 ||| Stepping ~*~*~tactically~*~*~ (stealth).
  3117 | D:3      | 3117 ||| Stepping ~*~*~tactically~*~*~ (stealth).
  3118 | D:3      | 3118 ||| Stepping ~*~*~tactically~*~*~ (stealth).
  3156 | D:3      | Noticed Natasha
  3169 | D:3      | Killed Natasha
  3299 | D:3      | 3299 ||| UPGRADING to +6 ring of strength.
  3301 | D:3      | 3301 ||| READING scroll labelled JUTEXZ HISCH.
  3354 | D:4      | Found a shadowy altar of Dithmenos.
  3527 | D:4      | Reached skill level 1 in Dodging
  3551 | D:4      | Reached skill level 6 in Axes
  3606 | D:4      | Found a glowing golden altar of the Shining One.
  3619 | D:4      | Found a burning altar of Makhleb.
  4204 | D:4      | 4204 ||| DRINKING 2 bubbling clear potions.
  4205 | D:4      | 4205 ||| DRINKING 2 coppery potions.
  4205 | D:4      | Gained mutation: You are agile. (Dex +4, Str/Int -1)
                  | [potion of mutation]
  4205 | D:4      | Gained mutation: You have large cloven feet. [potion of
                  | mutation]
  4205 | D:4      | Gained mutation: You have a pair of small antennae on your
                  | head. [potion of mutation]
  4206 | D:4      | 4206 ||| DROPPING potion of brilliance.
  4216 | D:5      | Entered Level 5 of the Dungeon
  4263 | D:5      | Reached XP level 7. HP: 41/43 MP: 5/7
  4386 | D:5      | 4386 ||| Stepping ~*~*~tactically~*~*~ (hiding).
  4404 | D:5      | 4404 ||| FLEEEEING.
  4405 | D:5      | 4405 ||| FLEEEEING.
  4406 | D:5      | 4406 ||| FLEEEEING.
  4407 | D:5      | 4407 ||| FLEEEEING.
  4409 | D:5      | 4409 ||| FLEEEEING.
  4410 | D:5      | 4410 ||| FLEEEEING.
  4411 | D:5      | 4411 ||| FLEEEEING.
  4412 | D:5      | 4412 ||| FLEEEEING.
  4413 | D:5      | 4413 ||| FLEEEEING.
  4414 | D:5      | 4414 ||| FLEEEEING.
  4415 | D:5      | 4415 ||| FLEEEEING.
  4417 | D:5      | 4417 ||| FLEEEEING.
  4418 | D:5      | 4418 ||| FLEEEEING.
  4419 | D:5      | 4419 ||| FLEEEEING.
  4420 | D:5      | 4420 ||| FLEEEEING.
  4421 | D:5      | 4421 ||| FLEEEEING.
  4422 | D:5      | 4422 ||| FLEEEEING.
  4423 | D:5      | 4423 ||| FLEEEEING.
  4424 | D:5      | 4424 ||| FLEEEEING.
  4466 | D:5      | 4466 ||| Stepping ~*~*~tactically~*~*~ (stealth).
  4517 | D:5      | 4517 ||| Stepping ~*~*~tactically~*~*~ (stealth).
  4518 | D:5      | 4518 ||| Stepping ~*~*~tactically~*~*~ (stealth).
  4536 | D:5      | 4536 ||| DRINKING 3 potions of curing.
  4536 | D:5      | 4536 ||| (to cure confusion)
  4606 | D:5      | 4606 ||| Stepping ~*~*~tactically~*~*~ (hiding).
  4618 | D:5      | Reached skill level 7 in Axes
  4664 | D:5      | 4664 ||| FLEEEEING.
  4667 | D:5      | 4667 ||| FLEEEEING.
  5186 | D:5      | 5186 ||| DROPPING +0 leather armour of fire resistance.
  5187 | D:5      | 5187 ||| UPGRADING to +0 chain mail.
  5197 | D:5      | 5197 ||| DROPPING +0 scale mail.
  5198 | D:5      | 5198 ||| READING scroll labelled REORGHOOLLY.
  5199 | D:5      | 5199 ||| READING scroll labelled BULERY GIAFF.
  5200 | D:5      | 5200 ||| READING scroll labelled LAEZASH FEUSH.
  5201 | D:5      | 5201 ||| READING 4 scrolls of identify.
  5201 | D:5      | 5201 ||| IDENTIFYING metallic inky potion
  5202 | D:5      | 5202 ||| READING 3 scrolls of identify.
  5202 | D:5      | 5202 ||| IDENTIFYING golden potion
  5203 | D:5      | 5203 ||| READING 2 scrolls of identify.
  5203 | D:5      | 5203 ||| IDENTIFYING fizzy black potion
  5204 | D:5      | 5204 ||| DROPPING potion of ambrosia.
  5205 | D:5      | 5205 ||| DROPPING potion of magic.
  5253 | D:6      | 5253 ||| STAIRDANCE
  5257 | D:5      | Reached XP level 8. HP: 49/49 MP: 6/8
  5290 | D:6      | 5290 ||| Stepping ~*~*~tactically~*~*~ (stealth).
  5293 | D:6      | 5293 ||| Stepping ~*~*~tactically~*~*~ (stealth).
  5298 | D:6      | 5298 ||| Stepping ~*~*~tactically~*~*~ (stealth).
  5318 | D:6      | 5318 ||| FLEEEEING.
  5329 | D:6      | Reached skill level 8 in Axes
  5355 | D:6      | Found a staircase to the Ecumenical Temple.
  5356 | D:6      | 5356 ||| PLANNING TEMPLE
  5363 | D:6      | 5363 ||| FLEEEEING.
  5364 | D:6      | 5364 ||| FLEEEEING.
  5370 | D:6      | 5370 ||| FLEEEEING.
  5371 | D:6      | 5371 ||| STAIRDANCE
  5373 | D:5      | 5373 ||| DRINKING 2 sedimented amethyst potions.
  5374 | D:5      | 5374 ||| DROPPING potion of flight.
  5377 | D:6      | 5377 ||| STAIRDANCE
  5383 | D:6      | 5383 ||| STAIRDANCE
  5387 | D:6      | 5387 ||| STAIRDANCE
  5391 | D:6      | 5391 ||| STAIRDANCE
  5397 | D:6      | 5397 ||| STAIRDANCE
  5403 | D:6      | 5403 ||| STAIRDANCE
  5413 | D:6      | 5413 ||| STAIRDANCE
  5417 | D:6      | 5417 ||| STAIRDANCE
  5421 | D:6      | 5421 ||| STAIRDANCE
  5425 | D:6      | 5425 ||| STAIRDANCE
  5428 | D:6      | Noticed Eustachio
  5429 | D:6      | 5429 ||| STAIRDANCE
  5460 | D:6      | 5460 ||| STAIRDANCE
  5469 | D:5      | Killed Eustachio
  5470 | D:5      | Reached skill level 6 in Fighting
  5489 | D:6      | 5489 ||| STAIRDANCE
  5587 | D:6      | 5587 ||| STAIRDANCE
  5591 | D:6      | 5591 ||| STAIRDANCE
  5595 | D:6      | 5595 ||| STAIRDANCE
  5708 | D:6      | 5708 ||| STAIRDANCE
  5712 | D:6      | 5712 ||| STAIRDANCE
  5831 | Temple   | Entered the Ecumenical Temple
  5881 | Temple   | 5881 ||| PLANNING OKAWARU WORSHIP
  6011 | Temple   | Became a worshipper of Warmaster Okawaru
  6012 | Temple   | 6012 ||| PLANNING D:1-11
  6012 | Temple   | 6012 ||| REMOVING amulet of guardian spirit.
  6017 | Temple   | 6017 ||| DROPPING amulet of guardian spirit.
  6396 | D:6      | 6396 ||| READING scroll labelled NAFIFO BEDOSAE.
  6411 | D:7      | Reached skill level 1 in Throwing
  6638 | D:7      | 6638 ||| Stepping ~*~*~tactically~*~*~ (stealth).
  6639 | D:7      | 6639 ||| Stepping ~*~*~tactically~*~*~ (stealth).
  6643 | D:7      | Reached skill level 9 in Axes
  6682 | D:7      | Reached XP level 9. HP: 44/55 MP: 9/9
  6745 | D:7      | Noticed Duvessa
  6745 | D:7      | Noticed Dowan
  6754 | D:7      | Killed Duvessa
  6759 | D:7      | Killed Dowan
  6759 | D:7      | Reached * piety under Okawaru
  6772 | D:7      | Reached skill level 1 in Invocations
  6788 | D:7      | 6788 ||| Stepping ~*~*~tactically~*~*~ (stealth).
  6789 | D:7      | 6789 ||| Stepping ~*~*~tactically~*~*~ (stealth).
  7636 | D:7      | 7636 ||| UPGRADING to +0 cloak.
  7641 | D:7      | 7641 ||| READING scroll labelled FORRAJIUFF.
  7742 | D:7      | 7742 ||| DRINKING 2 bubbling purple potions.
  7743 | D:7      | 7743 ||| READING 4 scrolls of identify.
  7743 | D:7      | 7743 ||| IDENTIFYING smoky black potion
  7791 | D:8      | 7791 ||| Stepping ~*~*~tactically~*~*~ (hiding).
  7961 | D:8      | Reached skill level 3 in Invocations
  8421 | D:8      | Identified the +2 helmet of Proximity {Will+ Dex+9}
  8623 | D:8      | 8623 ||| DROPPING ring of wizardry.
  8624 | D:8      | 8624 ||| READING scroll labelled QUNUARUORPH.
  8657 | D:9      | 8657 ||| INVOKING Heroism.
  8659 | D:9      | 8659 ||| Stepping ~*~*~tactically~*~*~ (stealth).
  8693 | D:9      | Found a staircase to the Lair.
  8694 | D:9      | 8694 ||| INVOKING Heroism.
  8719 | D:9      | 8719 ||| INVOKING Heroism.
  8727 | D:9      | Reached ** piety under Okawaru
  8801 | D:9      | Noticed a wizard
  8802 | D:9      | 8802 ||| Stepping ~*~*~tactically~*~*~ (hiding).
  8812 | D:9      | Killed a wizard
  8813 | D:9      | Reached skill level 10 in Axes
  8813 | D:9      | Reached XP level 10. HP: 62/63 MP: 13/13
  8822 | D:9      | Noticed a large abomination
  8823 | D:9      | 8823 ||| INVOKING Heroism.
  8857 | D:9      | 8857 ||| INVOKING Heroism.
  8869 | D:9      | Killed a large abomination
  8869 | D:9      | Reached *** piety under Okawaru
  8874 | D:9      | 8874 ||| INVOKING Heroism.
  9042 | D:9      | Identified the +6 rapier "Yri Ocy" {vorpal, rC+ Str+4}
  9308 | D:9      | 9308 ||| Stepping ~*~*~tactically~*~*~ (stealth).
  9309 | D:9      | 9309 ||| Stepping ~*~*~tactically~*~*~ (stealth).
  9310 | D:9      | 9310 ||| INVOKING Heroism.
  9320 | D:9      | Reached skill level 11 in Axes
  9320 | D:9      | Reached **** piety under Okawaru
  9327 | D:9      | Reached skill level 6 in Armour
  9588 | D:9      | 9588 ||| INVOKING Heroism.
  9775 | D:9      | 9775 ||| PLANNING LAIR
  9775 | D:9      | 9775 ||| UPGRADING to +0 plate armour.
  9785 | D:9      | 9785 ||| DROPPING +0 chain mail.
  9786 | D:9      | 9786 ||| DROPPING +6 ring of intelligence.
  9787 | D:9      | 9787 ||| READING 6 scrolls of identify.
  9787 | D:9      | 9787 ||| IDENTIFYING metallic red potion
  9788 | D:9      | 9788 ||| READING 5 scrolls of identify.
  9788 | D:9      | 9788 ||| IDENTIFYING pink potion
  9789 | D:9      | 9789 ||| READING 4 scrolls of identify.
  9789 | D:9      | 9789 ||| IDENTIFYING white potion
  9790 | D:9      | 9790 ||| DROPPING potion of berserk rage.
  9850 | Lair:1   | Entered Level 1 of the Lair of Beasts
  9851 | Lair:1   | 9851 ||| INVOKING Heroism.
  9859 | Lair:1   | Reached XP level 11. HP: 68/68 MP: 11/14
  9921 | Lair:1   | 9921 ||| INVOKING Heroism.
  9931 | Lair:1   | Reached skill level 6 in Invocations
  9952 | Lair:1   | 9952 ||| INVOKING Heroism.
 10021 | Lair:1   | Noticed a death yak
 10021 | Lair:1   | Noticed a death yak
 10021 | Lair:1   | Noticed a death yak
 10021 | Lair:1   | Noticed a death yak
 10021 | Lair:1   | Noticed a death yak
 10022 | Lair:1   | 10022 ||| INVOKING Heroism.
 10022 | Lair:1   | Noticed a death yak
 10029 | Lair:1   | Killed a death yak
 10034 | Lair:1   | HP: 12/69 [death yak (13)]
 10035 | Lair:1   | 10035 ||| READING 5 scrolls of teleportation.
 10035 | Lair:1   | Slain by a death yak

Levels and vault maps discovered:
D:1:      psy_arrival_whirlpool, layout_basic,
          shapermc_ecumenical_altar_mp_urbaneastern,
          chequers_serial_rivers_room_a, minmay_bisected
D:2:      layout_loops_ring
D:3:      layout_basic, mainiacjoe_overflow_boulevard,
          nicolae_vehumet_altar_sigil, uniq_natasha
D:4:      layout_layer_cave, mainiacjoe_overflow_surrounded_room,
          mainiacjoe_overflow_large_starburst, gup_sewer_entry_glass,
          minmay_circle_x
D:5:      layout_loops_ring
D:6:      layout_cave_pools, minmay_temple_entry_purple_smoke, uniq_eustachio
D:7:      layout_layer_cave, minmay_misc_feat_tower, uniq_duvessa
D:8:      layout_basic
D:9:      layout_grid_maze, grunt_lair_entry_orc_guard_hut, minmay_fountain_box,
          laboratory
Temple:   bh_familiar_temple
Lair:1:   layout_loops_ring, gammafunk_ghost_berserking_beasts,
          dreamdust_gnoll_shepherd

Skill      XL: |  1  2  3  4  5  6  7  8  9 10 11 |
---------------+----------------------------------+-----
Axes           | 2 3 4 5 6 7 9 10 11 | 11.0
Fighting       | 4 5 6 7 8 |  8.7
Dodging        | 1 2 |  2.1
Throwing       | 1 |  1.1
Armour         | 4 5 6 7 |  7.1
Shields        | 4 5 |  5.8
Invocations    | 4 5 6 |  6.7

Action                   |  1- 3 |  4- 6 |  7- 9 | 10-12 || total
-------------------------+-------+-------+-------+-------++-------
Melee: War axe           |    60 |   201 |   263 |   136 ||   660
       Kick              |       |     1 |    84 |    52 ||   137
Throw: Boomerang         |       |       |    22 |     6 ||    28
Invok: Heroism           |       |       |     3 |     9 ||    12
  Use: Scroll            |     5 |     3 |    10 |     4 ||    22
       Potion            |       |     3 |     3 |       ||     6
Armor: Scale mail        |    32 |   117 |    48 |       ||   197
       Chain mail        |       |       |   111 |    31 ||   142
       Plate armour      |       |       |       |    27 ||    27
Dodge: Dodged            |    27 |    96 |   104 |    52 ||   279
Block: Buckler           |    16 |    40 |    48 |    31 ||   135

Table legend:
 A = Non-vault XP
 B = Vault XP
 C = Vault XP percentage of total XP
 D = Non-vault monster count
 E = Vault monster count
 F = Vault count percentage of total count
                 A         B        C        D         E       F
            +---------+---------+-------+---------+---------+-------
      Total |    7979 |    3628 |  31.3 |     168 |      29 |  14.7
            +---------+---------+-------+---------+---------+-------
        D:1 |      22 |       5 |  18.5 |      14 |       4 |  22.2
        D:2 |      70 |       0 |   0.0 |      21 |       0 |   0.0
        D:3 |     250 |      35 |  12.3 |      23 |       1 |   4.2
        D:4 |     129 |      59 |  31.4 |      13 |       3 |  18.8
        D:5 |     805 |     182 |  18.4 |      33 |       1 |   2.9
        D:6 |     435 |       0 |   0.0 |      16 |       0 |   0.0
        D:7 |     829 |     220 |  21.0 |      10 |       2 |  16.7
        D:8 |     655 |       0 |   0.0 |      12 |       0 |   0.0
        D:9 |    1990 |    3127 |  61.1 |      17 |      18 |  51.4
     Lair:1 |    2794 |       0 |   0.0 |       9 |       0 |   0.0
            +---------+---------+-------+---------+---------+-------
